 Dungeon Crawl Stone Soup version 0.32-a0-834-geaf45d8e21 (webtiles) character file.

Game seed: 9859181365895057618

6 Xavori the Trooper (level 2, 18/25 HPs)
             Began as a Djinni Chaos Knight on Mar 26, 2024.
             Was a Plaything of Xom.
             Quit the game on level 1 of the Dungeon.
             The game lasted 00:00:08 (311 turns).

Xavori the Trooper (Djinni Chaos Knight)             Turns: 311, Time: 00:00:09

Health: 18/25      AC:  5    Str: 11    XL:     2   Next: 0%
Gold:   0          EV: 10    Int: 13    God:    Xom [..*...] SH:  0 Dex: 12

rFire   + + .        a - +0 falchion (chaos)
rCold   x . .        (no shield)
rNeg    . . .        b - +2 leather armour
rPois   ∞            (no helmet)
rElec   .            (no cloak)
rCorr   .            (no gloves)
SInv    .            (boots unavailable)
Will    .....        (no amulet)
Stlth   +            (no ring)
HPRegen 0.24/turn    (no ring)
MPRegen 0.00/turn

%: no passive effects
@: flying
A: sickness immunity, fire resistance 2, cold vulnerability 1, float, innate
caster, HP casting, extra vitality 1
a: Renounce Religion


You were on level 1 of the Dungeon.
You worshipped Xom.
You were a toy of Xom.
You visited 1 branch of the dungeon, and saw 1 of its levels.

Inventory:

Hand Weapons
 a - a +0 falchion of chaos (weapon)
Armour
 b - a +2 leather armour (worn)
Scrolls
 c - a scroll of butterflies
Potions
 d - 2 potions of heal wounds {unknown}


   Skills:
 + Level 3.0 Fighting
 + Level 2.7 Long Blades
 + Level 1.1 Armour
 + Level 2.2 Dodging
 * Level 0.2 Spellcasting
 * Level 0.2 Conjurations
 * Level 0.2 Hexes
   Level 0.0 Charms
 * Level 0.2 Summonings
 * Level 0.2 Necromancy
 * Level 0.2 Translocations
   Level 0.0 Transmutations
 * Level 0.2 Fire Magic
 * Level 0.2 Ice Magic
 * Level 0.2 Air Magic
 * Level 0.2 Earth Magic
 * Level 0.2 Alchemy You didn't know any spells. Your spell library was empty.

Dungeon Overview and Level Annotations

Branches:
Dungeon (1/15)

Altars:


Innate Abilities, Weirdness & Mutations

You are immune to sickness and miasma.
You are immune to poison.
Your flesh is very heat resistant. (rF++)
You are vulnerable to cold. (rC-)
You float through the air rather than walking.
You learn spells naturally, not from books.
Your magical power is your life essence.
You have superior vitality. (+4 MHP)


Message History

Lightning courses through the hobgoblin!!
You kill the hobgoblin!
No target in view!
d - 2 ruby potions No target in view!
Found a Young Poisoner's Handbook.
No target in view!
A bat comes into view.
The bat misses you.
You barely miss the bat. The bat barely misses you.
A bat is nearby!
You hit the bat but do no damage. You drain the bat.
The bat is heavily wounded.
The bat barely misses you.
A bat is nearby!
You barely miss the bat.
The bat is heavily wounded.
The bat barely misses you.
A bat is nearby!
An endoplasm comes into view.
The endoplasm quivers.
The bat hits you but does no damage.
There are monsters nearby!
The bat hits you but does no damage.
There are monsters nearby!
You slash the bat!
You kill the bat!
You have reached level 2!
Unknown command.
An endoplasm is nearby!
The endoplasm closely misses you.
An endoplasm is nearby!
You hit the endoplasm. You freeze the endoplasm.
The endoplasm is moderately wounded.
The endoplasm freezes you.
You are frozen.
You feel a terrible chill!
Xom thinks this is hilarious!
The endoplasm freezes you.
You are frozen.
Are you sure you want to abandon this character and quit the game? (Confirm with "yes".)

#.#....# ## #
#.#..# #. #
#....# #.
#.##.#.#####
#.
#..........#
#.
####.#####.#
#.
####.#####.###
#.
#......†......
#.
#.##.#@.##.###
...... #
#.#J:# ######
#......
###..### ...#
.... .### ##
#. ##. ##.#


You could see an endoplasm.

Vanquished Creatures
  A bat (D:1)
  A hobgoblin (D:1)
  A quokka (D:1)
  A ball python (D:1)
  2 rats (D:1)
6 creatures vanquished.

Notes
Turn   | Place    | Note
-------+----------+-------------------------------------------
     0 | D:1      | Xavori the Djinni Chaos Knight began the quest for the Orb.
     0 | D:1      | Reached XP level 1. HP: 20/20 MP: 0/0
   309 | D:1      | Reached XP level 2. HP: 25/25 MP: 0/0
   311 | D:1      | Quit the game

Illustrated notes

Levels and vault maps discovered:
D:1:      dpeg_arrival_solitude, layout_loops_cross

Action                     || total
---------------------------++-------
  Melee: Falchion          ||    18
 Armour: Leather armour    ||    11
  Dodge: Dodged            ||    13

Table legend: (Time is in decaauts)
 A = Elapsed time spent in this place.
 B = Non-inter-level travel time spent in this place.
 C = Inter-level travel time spent in this place.
 D = Time resting spent in this place.
 E = Time spent auto-exploring this place.
 F = Levels seen in this place.
 G = Mean time per level.
                   A        B        C        D        E       F      G
               +--------+--------+--------+--------+--------+-----+--------+
         Total |    314 |    314 |      0 |      0 |    277 |   1 |  314.0 |
       Dungeon |    314 |    314 |      0 |      0 |    277 |   1 |  314.0 |
               +--------+--------+--------+--------+--------+-----+--------+

Top non-repeatable levels by time:
     D:1: 314 daAuts
